[Event "44th Chess Olympiad Open 2022"]
[Site "Chennai"]
[Date "2022.08.05"]
[Round "7.67"]
[White "Rurik Capella"]
[Black "Stetsenko, Ilya"]
[Result "0-1"]
[ECO "B12"]
[WhiteElo "1952"]
[BlackElo "1683"]
[Annotator "TA"]
[PlyCount "108"]
[EventDate "2022.07.29"]
[EventType "team-tourn"]
[EventCountry "IND"]
[SourceTitle "playchess.com"]
[Source "ChessBase"]
[SourceQuality "1"]
[WhiteTeam "Netherlands Antilles"]
[BlackTeam "ARU"]
[WhiteTeamCountry "AHO"]
[TimeControl "40/5400+30:1800+30"]

1. e4 c6 2. d4 d5 3. e5 Bf5 4. Nf3 e6 5. Be2 Ne7 6. O-O h6 $1 {[%emt 0:00:08][%mdl 4] now scores much better than the old 6...Nd7.} 7. Nbd2 {[%emt 0:01:39] B12: Caro-Kann: Advance Variation.} Nd7 8. c4 Bh7 9. Re1 {[%emt 0:04:26] White has an edge.} Nf5 {[%emt 0:05:04] [#]} 10. cxd5 $146 ({Predecessor:} 10. Qb3 Qc7 11. a4 Be7 12. Qc3 a5 13. cxd5 exd5 14. Bd3 g6 15. Qc2 O-O-O 16. Nb3 Kb8 17. Bd2 b6 18. Rac1 Kb7 19. e6 fxe6 20. Rxe6 Bg5 21. Rxc6 Qb8 22. Rc7+ {1-0 (22) Nowak,I (2170)-Yangibayev,N (945) LSS email 2012}) 10... cxd5 11. Bb5 Bb4 12. Qa4 Bxd2 (12... Be7 $11) 13. Bxd2 $16 {[%emt 0:00:26] aiming for Ba5.} a6 14. Bxd7+ Qxd7 15. Qa3 a5 16. Rac1 ({Don't go for} 16. Bxa5 $2 Qb5 17. b4 b6 $19) 16... Ne7 (16... Qd8 $14) 17. Rc5 ({Wrong is} 17. Bxa5 $2 b6 18. Qd6 bxa5 $19) (17. Bb4 $1 $16) 17... b6 18. Rc3 O-O 19. Qd6 Qxd6 (19... Qe8 $11) 20. exd6 Nf5 21. Rc6 {[%emt 0:05:14] Strongly threatening g4.} Rad8 22. Bf4 (22. Rxb6 $16 Nxd6 23. b3 (23. Bxa5 Nc4 $15)) 22... g5 $11 23. Bg3 g4 24. Ne5 Nxd4 {[%emt 0:17:03] [#]} (24... h5 $14) 25. Rxb6 (25. Rc7 $1 $16) 25... h5 26. Nc6 (26. Rb7 {feels hotter.} f6 27. Nd7 Rf7 28. Nxf6+ Rxf6 29. Be5) 26... Nxc6 27. Rxc6 Rd7 (27... Bf5 $11 {keeps the balance.}) 28. Bh4 Kg7 29. Be7 Ra8 30. Rec1 {[%emt 0:01:18] Rc7 is the strong threat.} Bf5 31. Kf1 ({Better is} 31. Rc7 $16 Ra7 {[#]} 32. Bd8 $1) 31... a4 32. Rc7 Ra7 $1 33. Ke2 e5 34. f3 Be6 35. h3 Raxc7 36. dxc7 $4 {[%emt 0:01:17][%mdl 8192] This costs White the game.} (36. Rxc7 $15 gxh3 37. gxh3) 36... Rxe7 37. c8=Q Bxc8 38. Rxc8 gxh3 39. gxh3 $19 {[%emt 0:00:08][%mdl 4096] Endgame KR-KR} Rb7 40. Rc2 Kf6 41. Kd3 (41. f4 {was forced.} exf4 42. Kf3) 41... Rb5 42. Rg2 (42. f4 {keeps fighting.} exf4 43. Ke2) 42... Rb4 43. Kc3 Rf4 44. b4 (44. Rf2 $142) 44... Rc4+ 45. Kd3 Rxb4 46. Rc2 Rd4+ 47. Ke3 Rc4 {[%emt 0:00:00] Against Rc5} 48. Rd2 Rc3+ 49. Kf2 d4 50. h4 Kf5 {[%emt 0:00:00] ( -> ...a3)} 51. Kg3 a3 {[%emt 0:00:00] Black mates.} 52. Re2 f6 53. Kf2 d3 54. Re1 Rc2+ {[%emt 0:00:00] Weighted Error Value: White=0.91/Black=0.29 (precise)} 0-1

[Event "44th Chess Olympiad Open 2022"]
[Site "Chennai"]
[Date "2022.08.05"]
[Round "7.67"]
[White "Croes, Octavio"]
[Black "Ursus van Bemmelen"]
[Result "0-1"]
[ECO "E01"]
[WhiteElo "1794"]
[BlackElo "2145"]
[Annotator "TA"]
[PlyCount "52"]
[EventDate "2022.07.29"]
[EventType "team-tourn"]
[EventCountry "IND"]
[SourceTitle "playchess.com"]
[Source "ChessBase"]
[SourceQuality "1"]
[WhiteTeam "ARU"]
[BlackTeam "Netherlands Antilles"]
[BlackTeamCountry "AHO"]
[TimeControl "40/5400+30:1800+30"]

1. d4 d5 2. c4 e6 3. Nf3 Nf6 4. g3 Bb4+ 5. Bd2 Bd6 6. Bg2 {[%emt 0:00:33] E01: Catalan: Early deviations.} O-O 7. O-O c6 8. Bg5 {[%emt 0:05:37] White has an edge.} Nbd7 9. Qc2 h6 10. Bxf6 Qxf6 {[%emt 0:02:28] [#]} 11. cxd5 $146 (11. Nbd2 $14) ({Predecessor (2):} 11. Nbd2 Bc7 12. e4 dxe4 13. Nxe4 Qe7 14. Rfe1 Rd8 15. Rad1 Nf8 16. h4 f6 17. a3 {½-½ (48) Brunello,S (2562)-Neiksans,A (2602) Reykjavik 2015}) 11... exd5 $11 12. Nc3 Qd8 13. e3 Re8 14. a3 a5 15. Rab1 Nb6 16. Nd2 g6 17. e4 dxe4 18. Ndxe4 Bf8 19. Rbd1 Bf5 20. Qd3 Be6 ({Black should play} 20... Bg7 $17) 21. Rfe1 Bb3 22. Rd2 {[%emt 0:04:06] [#] Loses the game.} (22. Ra1 $15) 22... f5 $1 $19 23. Nf6+ (23. d5 {is a better defense.} Bc4 24. Qc2 Bxd5 25. Nxd5 cxd5 26. Red1 fxe4 27. Bxe4) 23... Qxf6 24. Ne4 Qf7 ({Weaker is} 24... Rxe4 25. Qxb3+ Qf7 26. Qxf7+ Kxf7 27. Bxe4 fxe4 28. Rxe4 $17) 25. Nf6+ Qxf6 26. Qxb3+ Qf7 {[%emt 0:00:36] Weighted Error Value: White=0.37/Black=0.12 (very precise)} 0-1

[Event "44th Chess Olympiad Open 2022"]
[Site "Chennai"]
[Date "2022.08.05"]
[Round "7.68"]
[White "Chimthere, Alfred Charles"]
[Black "Kannappan, Thanneermalai"]
[Result "0-1"]
[ECO "D87"]
[WhiteElo "2035"]
[BlackElo "1699"]
[Annotator "TA"]
[PlyCount "118"]
[EventDate "2022.07.29"]
[EventType "team-tourn"]
[EventCountry "IND"]
[SourceTitle "playchess.com"]
[Source "ChessBase"]
[SourceQuality "1"]
[WhiteTeam "MAW"]
[BlackTeam "Hong Kong"]
[BlackTeamCountry "HKG"]
[TimeControl "40/5400+30:1800+30"]

1. d4 Nf6 2. c4 g6 3. Nc3 d5 4. cxd5 Nxd5 5. e4 Nxc3 6. bxc3 Bg7 7. Bc4 c5 8. Ne2 Nc6 9. Be3 Bg4 10. f3 Bd7 11. O-O O-O 12. Qd2 {[%emt 0:01:00] D87: Exchange Grünfeld: Classical Line: Variations without ...cxd4.} Qa5 13. Rfd1 b5 14. Bd5 {[%emt 0:07:35] [#] White has an edge.} (14. dxc5 $5 bxc4 15. Qxd7 $14) 14... Rfd8 $146 (14... e6 $11) ({Predecessor:} 14... cxd4 15. cxd4 Rac8 16. Bxc6 Qxd2 17. Rxd2 Rxc6 18. Rb1 Rc4 19. d5 a6 20. Bd4 e5 21. dxe6 Bxe6 22. Bxg7 Kxg7 {0-1 (55) Lukachewski Junior,W (2042)-Cortes Orihuela,J (2205) Brasilia 2016}) 15. dxc5 $14 Rac8 16. Rac1 (16. Nd4 $5 Ne5 17. Bg5 $16) 16... Ne5 17. Nd4 (17. Bg5 $14) 17... Nc4 $1 $11 18. Bxc4 bxc4 19. Qe2 e5 (19... Rxc5 $11 20. f4 Rcc8) 20. Qxc4 exd4 21. cxd4 Bb5 22. Qc2 Ba4 23. Qd2 Qb5 (23... Qxd2 $142 24. Rxd2 f5) 24. Qd3 ({White should play} 24. Re1 $11) 24... Qb2 (24... Qxd3 $15 25. Rxd3 f5) 25. Qd2 $2 {[%emt 0:00:27] White is on the road to losing.} (25. Rb1 $1 $11 {and White stays safe.} Qc2 26. Qa6) 25... Rb8 $19 26. Qxb2 Rxb2 27. Rd3 Bb5 {[%emt 0:01:58] A strong pair of Bishops.} (27... Rxa2 28. c6 $11) 28. Rdd1 Be2 (28... Rxa2 29. c6 $11) 29. Rb1 {[%emt 0:13:08] [#]} Bxd4 30. Bxd4 Rxb1 ({Not} 30... Rxa2 {[#]} 31. c6 $1 Rc2 32. c7 Rxc7 33. Rd2 $14) 31. Rxb1 {[%emt 0:00:32] aiming for Be3.} Rxd4 {[%emt 0:00:06][%mdl 4096] Endgame KRB-KR} 32. Rb2 (32. Rb7 {might work better.}) 32... Bd1 33. Rb8+ Kg7 34. Rb7 a6 35. Kf2 (35. e5 {keeps fighting.}) 35... Ba4 36. e5 Kf8 37. Rb6 Bb5 ({Don't blunder} 37... Rd2+ $2 38. Kg3 $19) 38. Ke3 Rc4 39. h4 Rxc5 40. a4 Bf1 41. Kf2 Bc4 42. Ke3 Ra5 43. h5 Kg7 44. hxg6 hxg6 45. Rb4 Be6 ({Stronger than} 45... Rxe5+ 46. Kd4 Rg5 47. Rxc4 $11) 46. f4 Bd7 47. Rb7 Be6 48. Rb4 Kf8 49. Kf3 Bd7 50. Rd4 Ke7 51. g4 Rxa4 52. Rd3 a5 {[%emt 0:00:00][%cal Ba6a5,Ba5a4][%mdl 32] ...Ra1 is the strong threat.} 53. Kg3 Ra1 54. Kh4 Rg1 55. f5 gxf5 {[%emt 0:00:00] Black mates.} 56. gxf5 Bxf5 57. Rd5 a4 58. Ra5 Bd7 59. Ra6 Ra1 {[%emt 0:00:00] Weighted Error Value: White=0.42/Black=0.24 (precise)} 0-1

[Event "44th Chess Olympiad Open 2022"]
[Site "Chennai"]
[Date "2022.08.05"]
[Round "7.68"]
[White "Lau, Lut Yin Luke"]
[Black "Mwale, Joseph"]
[Result "1-0"]
[ECO "C54"]
[WhiteElo "2027"]
[BlackElo "2131"]
[Annotator "TA"]
[PlyCount "133"]
[EventDate "2022.07.29"]
[EventType "team-tourn"]
[EventCountry "IND"]
[SourceTitle "playchess.com"]
[Source "ChessBase"]
[SourceQuality "1"]
[WhiteTeam "Hong Kong"]
[BlackTeam "MAW"]
[WhiteTeamCountry "HKG"]
[TimeControl "40/5400+30:1800+30"]

1. e4 e5 2. Nf3 Nc6 3. Bc4 Nf6 4. d3 Bc5 5. c3 d6 6. O-O h6 7. a4 {[%emt 0:01:51] C54: Giuoco Piano: 4 c3 Nf6, main lines with 5 d4 and 5 d3.} a5 {[%emt 0:00:20] Prevents b4. The main line 7...a5 scores better than 7...a6.} 8. d4 Bb6 9. dxe5 {[%emt 0:00:40] The position is equal.} Nxe5 10. Nxe5 dxe5 11. Qxd8+ Kxd8 12. Nd2 Ke7 13. Nf3 Nxe4 {[%emt 0:03:53] next ...f6 is good for Black.} 14. Nxe5 {[%emt 0:02:27] [#]} Be6 $146 (14... Kf6 {is interesting.} 15. Nd3 Rd8 16. Be3 Be6) ({Predecessor:} 14... Kf6 15. Nd3 Rd8 16. Nf4 Be6 17. Be2 Bb3 18. Ra3 Bd5 19. c4 Bc6 20. Rf3 Ke7 {0-1 (51) Perez,F (2536)-Perez Garcia,M (1578) LSS email 2016}) 15. Bxe6 Kxe6 16. Nc4 Bc5 17. Bf4 c6 18. Rae1 Kf5 (18... f5 $11) 19. Be3 ({White should try} 19. Be5 $1 $16 {And now g4+ would win.} Nf6 20. Bd6 Bxd6 21. Nxd6+ Kg6 22. Re7 (22. Nxb7 Rhb8 $11)) 19... Kf6 (19... Kg6 $11 {remains equal.}) 20. Bd4+ $1 $16 Bxd4 21. Rxe4 ({Much worse is} 21. cxd4 $6 Ng5 $11) 21... Bc5 22. Rf4+ Kg6 23. Ne5+ Kh7 24. Rxf7 Rhe8 25. Nd7 (25. Nd3 $16 Re7 26. Rxe7 Bxe7 27. Re1) 25... Kg6 (25... Kg8 $1 $14) 26. Rf3 $1 Ba7 27. Rd1 Re2 28. b3 Rae8 {[%emt 0:00:33] ( -> ...Re1+)} 29. Rd6+ Kh7 30. g3 Rc2 {[%emt 0:02:59] [#]} 31. Nf8+ $2 {[%emt 0:04:03] [#]} (31. Re6 $1 $16 {stays on course.} Rxe6 32. Nf8+ Kg8 33. Nxe6) 31... Kg8 $2 (31... Rxf8 $1 $17 32. Rxf8 Bc5) 32. Ne6 Re2 33. Nf4 R2e7 34. h4 Bc5 35. Rdd3 Kh7 (35... g5 $16 {was necessary.}) 36. h5 $18 Rf7 37. Kg2 b5 38. axb5 cxb5 39. Rd5 Rc7 40. Nd3 Bf8 41. Rxb5 {[%emt 0:32:34] Strongly threatening Nb2.} Rxc3 42. Ne5 Rc5 43. Rxc5 Bxc5 {[%emt 0:00:00][%mdl 4096] Endgame KRB-KRN} 44. Ng6 Ra8 45. Rf5 Bb4 46. Rb5 Rc8 47. f4 Kg8 48. Ne5 Kf8 49. Nc4 Ra8 50. Kf3 {[%emt 0:03:27] White is more active.} Bc3 51. Nb6 Ra7 52. Nd5 Be1 53. Rb8+ Kf7 54. Nb6 Rc7 55. Nc4 Bc3 56. Ra8 (56. Ke4 $18) 56... Rc5 {[%emt 0:00:33] [#]} (56... Ke7 $16 57. g4 (57. Nxa5 Rc5 $16) 57... Rb7 58. Nxa5 Bxa5) 57. g4 $1 Ke7 58. Ke4 Rb5 59. Ra7+ Kf8 {[%emt 0:00:02] [#]} 60. Kd3 $1 Be1 61. Kc2 {[%emt 0:00:00] aiming for Ra8+.} Rd5 62. Rc7 Rd4 63. Ne5 Bg3 $2 {[%emt 0:02:12][%mdl 8192] This costs Black the game.} (63... Rd2+ $16 64. Kc1 Rd8) 64. Rc8+ {[%emt 0:00:05] White is clearly winning.} Ke7 65. Nc6+ Kd7 66. Rd8+ Kxc6 67. Rxd4 {[%emt 0:00:00] Weighted Error Value: White=0.14 (very precise) /Black=0.22 (precise)} 1-0

[Event "44th Chess Olympiad Open 2022"]
[Site "Chennai"]
[Date "2022.08.05"]
[Round "7.68"]
[White "Nyambalo, Joseph Xavier"]
[Black "Nissinen, Niilo Man"]
[Result "0-1"]
[ECO "D96"]
[WhiteElo "1981"]
[BlackElo "1693"]
[Annotator "TA"]
[PlyCount "124"]
[EventDate "2022.07.29"]
[EventType "team-tourn"]
[EventCountry "IND"]
[SourceTitle "playchess.com"]
[Source "ChessBase"]
[SourceQuality "1"]
[WhiteTeam "MAW"]
[BlackTeam "Hong Kong"]
[BlackTeamCountry "HKG"]
[TimeControl "40/5400+30:1800+30"]

1. c4 Nf6 2. Nc3 d5 3. d4 g6 4. g3 Bg7 5. Bg2 dxc4 6. Qa4+ Nbd7 7. Nf3 O-O 8. Qxc4 Nb6 {[%emt 0:20:49] D96: Grünfeld: Russian System (5 Qb3): sidelines.} 9. Qd3 Nbd5 10. O-O Nxc3 {[%emt 0:02:59] The position is equal.} 11. bxc3 Bf5 12. Qb5 Be4 13. Ba3 Re8 {[%emt 0:07:09] [#]} 14. Qb3 $146 ({Predecessor:} 14. Rac1 Rb8 15. Rfd1 c6 16. Qb3 Qb6 17. Qa4 Qc7 18. c4 Nd7 19. e3 Rbd8 20. Ng5 Bxg2 21. Kxg2 {½-½ (28) Wuest,H (2026)-Hohlfeld,W (2062) Bayerisch Eisenstein 2018}) 14... e6 15. Rfd1 b6 16. c4 c6 17. Rac1 Qc8 18. Bh3 (18. Ne5 $5 Bxg2 19. Kxg2 $11) 18... Bf5 19. Bg2 Be4 $1 20. Bh3 Bf5 21. Bxf5 gxf5 22. c5 b5 23. Bb2 Nd5 24. Qd3 Qd8 25. a3 Qf6 26. Ne5 Rec8 27. e4 fxe4 28. Qxe4 Qf5 29. Qxf5 (29. Qe2 {feels hotter.} a5 30. Kg2 h5 31. Rd3) 29... exf5 30. Nd3 a5 31. Kg2 Re8 32. Re1 Re4 33. f3 Re3 {[%emt 0:00:05] Black is more active.} 34. Rcd1 f4 (34... Rae8 $17) 35. Nxf4 $11 Rb3 36. Bc1 Nxf4+ 37. gxf4 (37. Bxf4 $14 Rxa3 38. d5 cxd5 39. c6) 37... Rd8 38. f5 Bf6 {[%emt 0:00:35] Against Bg5} (38... h6 $11 {remains equal.}) 39. Bh6 $16 {[%emt 0:04:58] Strongly threatening Re4.} Rxa3 40. d5 Ra2+ (40... cxd5 $16 41. Rxd5 Rc8) 41. Kh3 (41. Kh1 $1 $18 {is the precise move to win.} cxd5 42. Rxd5) 41... Ra4 {[%emt 0:10:25] [#] And now ...Rh4+ would win.} (41... cxd5 $2 42. Rxd5 $1 Rc8 43. Rd6 $18) 42. f4 $1 ({Weaker is} 42. Rg1+ Kh8 43. Rg4 cxd5 $17) 42... cxd5 {[%emt 0:05:17] [#]} 43. Rxd5 Ra3+ (43... Rc8 44. Rd6) 44. Kg2 (44. Kg4 $16 {Rxd8+ would kill now.} Rc8 45. Rd6) 44... Rc8 $36 {[%emt 0:02:08][%mdl 2048] Black has good play.} (44... Ra2+ $2 45. Kh1 Rc8 46. c6 $18) 45. c6 {[%emt 0:00:00] White wants to mate with c7.} Rc3 $1 46. Rxb5 R3xc6 47. Kh1 (47. Bg5 $11 {keeps the balance.}) 47... Bd4 (47... a4 $5 48. Bg5 Ra8 49. Bxf6 Rxf6 50. Rg1+ Kf8 $17) 48. Bg5 a4 49. Rd1 (49. Be7 $15) 49... Rc1 $19 50. Rxc1 Rxc1+ {[%emt 0:00:05][%mdl 4096] Endgame KRB-KRB} 51. Kg2 h6 $2 (51... a3 $19 52. f6 h5) 52. Be7 $11 Rc2+ (52... Rc7 $15 53. Bd6 Rd7) 53. Kh1 (53. Kf3 $11) 53... Ra2 54. Ra5 Bb2 55. Bd6 a3 56. Ra8+ ({White should try} 56. Be5 $1 $11 f6 57. Bd6 (57. Ra8+ Kg7 $15)) 56... Kg7 $15 {[%emt 0:00:57] aiming for ...Kf6.} 57. h4 $2 (57. Be5+ $1 $15 Bxe5 58. fxe5) 57... Kf6 $19 58. Ra5 h5 {[%emt 0:01:37] ...Bc3 is the strong threat.} 59. Bf8 (59. Bc7 $142 Bd4 60. Bd8+ Kg7 61. Ra8) 59... Ra1+ 60. Kg2 a2 61. Bb4 $2 (61. Bd6) 61... Bd4 {[%emt 0:00:18] ( -> ...Rg1+)} 62. Bd6 Rg1+ {[%emt 0:00:12] Weighted Error Value: White=0.64/Black=0.28 (precise)} 0-1

[Event "44th Chess Olympiad Open 2022"]
[Site "Chennai"]
[Date "2022.08.05"]
[Round "7.68"]
[White "Kwong, Wing Ki"]
[Black "Matola Ernest"]
[Result "1-0"]
[ECO "E94"]
[WhiteElo "1824"]
[BlackElo "1964"]
[Annotator "TA"]
[PlyCount "87"]
[EventDate "2022.07.29"]
[EventType "team-tourn"]
[EventCountry "IND"]
[SourceTitle "playchess.com"]
[Source "ChessBase"]
[SourceQuality "1"]
[WhiteTeam "Hong Kong"]
[BlackTeam "MAW"]
[WhiteTeamCountry "HKG"]
[TimeControl "40/5400+30:1800+30"]

1. d4 Nf6 2. c4 g6 3. Nc3 Bg7 4. e4 d6 5. Nf3 O-O 6. Be2 Na6 7. O-O e5 8. d5 Nh5 {[%emt 0:00:50] [#] E94: King's Indian: Classical: 6 Be2 e5 7 0-0: Various Black 7th moves.} 9. Rb1 $146 ({Predecessor:} 9. g3 Bh3 10. Re1 Bg4 11. Nh4 Bxe2 12. Qxe2 Bf6 13. Ng2 Ng7 14. Be3 Be7 15. f4 Bf6 16. Rf1 exf4 17. gxf4 {0-1 (45) Vypkhaniuk,I (2412)-Ganerdene,S (2419) Chess.com INT 2020}) 9... Nf4 10. b4 f5 {[%emt 0:00:59] White has an edge.} 11. Ba3 fxe4 12. Nxe4 Bf5 13. Nfd2 Bh6 14. Bf3 b5 (14... Nb8 $14) 15. cxb5 $16 Nb8 16. Rb3 Nd7 17. g3 Nh3+ 18. Kh1 Nb6 19. Bg2 Bd7 (19... Qd7 $11) 20. Bc1 Ng5 21. Nf3 (21. Qe2 $16) 21... Nf7 ({Better is} 21... Nxe4 $14 22. Bxh6 Bxb5) 22. Qe2 (22. Bxh6 $142 Nxh6 23. Qd2) 22... Bg7 {[%emt 0:01:38] [#]} 23. Rd1 $1 Qe8 {[%emt 0:01:19] [#]} 24. Bf1 $1 {[%emt 0:03:46] 0x0.001b83f0d068dp-1022s more active pieces.} Nh6 25. Rc3 Rc8 26. Bxh6 Bxh6 27. Nfg5 {[%emt 0:00:58] Against Qf7} Qe7 28. h4 Kh8 29. Kh2 Bf5 30. Bg2 Rf6 $2 (30... Bxg5 $16 31. Nxg5 h6) 31. Nxf6 $18 Qxf6 32. Rdc1 Qe7 33. Be4 Bxg5 34. hxg5 Qxg5 35. Rxc7 Rf8 {[%emt 0:00:32] White must now prevent ...Bxe4.} 36. Kg1 h5 (36... Na8 $142 37. R7c3 Bd7) 37. Bxf5 gxf5 38. Qe3 f4 39. Qe4 Rf5 40. R1c3 {[%emt 0:00:47] Threatens to win with Rb7.} h4 41. Qg2 Qf6 42. gxf4 exf4 43. Qe4 {[%emt 0:09:29][%cal Oc7e7] And now Re7! would win.} f3 {[%emt 0:03:20] [#]} 44. Rxf3 $3 {[%emt 0:00:00][%mdl 512] Weighted Error Value: White=0.31/Black=0.46} 1-0

[Event "44th Chess Olympiad Open 2022"]
[Site "Chennai"]
[Date "2022.08.05"]
[Round "7.69"]
[White "Matoewi, Roger"]
[Black "seder mohamad"]
[Result "1/2-1/2"]
[ECO "D34"]
[WhiteElo "2015"]
[BlackElo "1950"]
[Annotator "TA"]
[PlyCount "87"]
[EventDate "2022.07.29"]
[EventType "team-tourn"]
[EventCountry "IND"]
[SourceTitle "playchess.com"]
[Source "ChessBase"]
[SourceQuality "1"]
[WhiteTeam "Surinam"]
[BlackTeam "Palestine"]
[WhiteTeamCountry "SUR"]
[BlackTeamCountry "PLE"]
[TimeControl "40/5400+30:1800+30"]

1. Nf3 e6 2. g3 Nf6 3. Bg2 d5 4. c4 Be7 5. O-O O-O 6. d4 c5 7. cxd5 exd5 8. Nc3 Nc6 9. Bg5 Be6 10. dxc5 Bxc5 11. Bxf6 Qxf6 12. Nxd5 Qxb2 13. Nc7 Rad8 14. Qc1 Qxc1 15. Raxc1 Ba3 {[%emt 0:00:19] D34: Tarrasch Defence: 6 g3 Nf6 7 Bg2 Be7.} (15... b6 $11 {might be stronger.}) 16. Nxe6 $14 fxe6 17. Rb1 Rd7 {[%emt 0:03:14] White is slightly better.} 18. Ng5 {[%emt 0:00:32] [#]} Re8 $146 {[%emt 0:07:51] [#]} ({Black should try} 18... Nd4 $14) ({Predecessor:} 18... e5 19. Rb3 Bc5 20. Bxc6 bxc6 21. Ne6 Bb6 22. Nxf8 Kxf8 23. Rb2 Ke7 24. e3 Ke6 {1-0 (35) Sarkar,J (2324)-Matveeva,O (2145) Chess.com INT 2021}) 19. Rxb7 $3 Rxb7 20. Bxc6 h6 21. Bxb7 hxg5 $16 {[%emt 0:00:03][%mdl 4096] Endgame KRB-KRB} 22. Rd1 Kf7 23. Kg2 Ke7 24. Ba6 Rb8 25. Bc4 Bc5 26. Bb3 a5 27. Rc1 Bd6 28. Rc6 Ra8 29. Rc4 Rb8 30. Re4 e5 31. Rc4 Rb4 32. Rc8 a4 33. Bd5 Rb8 34. Rc6 {[%emt 0:00:50] White is more active.} Rb2 35. e4 g4 36. h3 gxh3+ 37. Kxh3 Rxf2 38. Ra6 a3 39. Kg4 Rf6 40. Ra7+ Kf8 $1 41. Ra8+ Ke7 42. Ra7+ Kf8 $1 43. Ra8+ Ke7 44. Ra7+ {[%emt 0:01:16] Weighted Error Value: White=0.08 (flawless) /Black=0.08 (flawless)} 1/2-1/2

[Event "44th Chess Olympiad Open 2022"]
[Site "Chennai"]
[Date "2022.08.05"]
[Round "7.69"]
[White "Giasi, Viresh"]
[Black "Altell, Majed"]
[Result "1-0"]
[ECO "B10"]
[WhiteElo "2006"]
[BlackElo "1807"]
[Annotator "TA"]
[PlyCount "83"]
[EventDate "2022.07.29"]
[EventType "team-tourn"]
[EventCountry "IND"]
[SourceTitle "playchess.com"]
[Source "ChessBase"]
[SourceQuality "1"]
[WhiteTeam "Surinam"]
[BlackTeam "Palestine"]
[WhiteTeamCountry "SUR"]
[BlackTeamCountry "PLE"]
[TimeControl "40/5400+30:1800+30"]

1. e4 c6 2. d3 d5 3. Be2 dxe4 4. dxe4 Qxd1+ 5. Bxd1 e5 6. Nf3 {[%emt 0:00:35] B10: Caro-Kann: 2 d3 and 2 c4.} Bd6 {[%emt 0:01:15] [#]} 7. Nbd2 $146 ({Predecessor:} 7. Nc3 Bg4 8. O-O Nd7 9. h3 Bh5 10. g4 Bg6 11. Nh4 Nc5 12. Nxg6 hxg6 13. Kg2 {1-0 (40) Bedel,S (1832)-Gocer,O (1547) Konya 2019}) 7... f6 8. Nc4 {[%emt 0:06:40] White has an edge.} Bc7 9. b3 b5 10. Ne3 Ne7 11. O-O Nd7 12. Ba3 {[%emt 0:01:51] Inhibits Nc5.} a5 13. c3 (13. Be2 $5 ) 13... Bb6 14. Nh4 Bc5 (14... Nc5 $5 ) 15. Bxc5 Nxc5 16. Bc2 g5 17. Nhf5 Nxf5 (17... Bxf5 $5 18. exf5 O-O $11) 18. exf5 Ke7 19. b4 Nb7 20. a4 {[%emt 0:00:00] Black must now prevent axb5.} Bd7 ({Black should try} 20... Nd6 $14) 21. axb5 $16 {[%emt 0:00:00] aiming for Be4.} axb4 22. cxb4 {[%emt 0:06:12] Hoping for Be4.} cxb5 (22... Nd6 $16 {is a better defense.}) 23. Nd5+ (23. Be4 $18 Rxa1 24. Rxa1) 23... Kf7 24. Nb6 {[%emt 0:01:32][%csl LRa8,LRd7] White is more active.} Rxa1 25. Rxa1 (25. Bb3+ {is interesting.} Ke8 26. Rxa1 Bxf5 27. Ra7) 25... Bc6 ({Black should play} 25... Rd8 $1 $14) 26. Bb3+ Kg7 {[%emt 0:01:49] [#]} 27. Rc1 $1 Nd8 28. f3 Re8 {[%emt 0:01:04] [#]} 29. Nc8 $1 e4 (29... Bb7 $16 30. Rc5 Kf8) 30. Nd6 $18 Re7 31. fxe4 Rd7 $2 {[%emt 0:01:46] Black cannot hold the game after this.} (31... Ra7 $16 {was called for.} 32. Rc5 Ra6) 32. Ne8+ Kf8 33. Nxf6 Rd3 34. Bd5 Bxd5 35. Nxd5 {[%emt 0:00:07][%mdl 4096] Endgame KRN-KRN} ({Not} 35. exd5 h6 36. Rc8 Ke7 37. Ng8+ Kd7 $18) 35... Nf7 36. Rc8+ Kg7 37. f6+ Kh6 38. h3 Rd2 39. Ne7 {[%emt 0:01:25] Intending Rg8 and mate.} Re2 40. Rg8 {[%emt 0:00:32] White mates.} Ne5 41. Nf5+ Kh5 42. Ng3+ {[%emt 0:00:03] Weighted Error Value: White=0.13 (very precise) /Black=0.50} 1-0

[Event "44th Chess Olympiad Open 2022"]
[Site "Chennai"]
[Date "2022.08.05"]
[Round "7.69"]
[White "Miswadah, Baha"]
[Black "Kalidjo, Imaan"]
[Result "1-0"]
[ECO "D02"]
[WhiteElo "1985"]
[BlackElo "1819"]
[Annotator "TA"]
[PlyCount "81"]
[EventDate "2022.07.29"]
[EventType "team-tourn"]
[EventCountry "IND"]
[SourceTitle "playchess.com"]
[Source "ChessBase"]
[SourceQuality "1"]
[WhiteTeam "Palestine"]
[BlackTeam "Surinam"]
[WhiteTeamCountry "PLE"]
[BlackTeamCountry "SUR"]
[TimeControl "40/5400+30:1800+30"]

1. d4 Nf6 2. Bf4 e6 3. e3 b6 4. Nf3 Bb7 5. Nbd2 d5 6. Bd3 Nbd7 {[%emt 0:03:25] D02: 1 d4 d5 2 Nf3 sidelines, including 2...Nf6 3 g3 and 2...Nf6 3 Bf4.} 7. c3 Ne4 {[%emt 0:01:10] [#]} 8. Qe2 $146 ({Predecessor:} 8. O-O Be7 9. Ne5 Nxe5 10. Bxe5 f6 11. Bg3 Nxg3 12. fxg3 O-O 13. Qh5 f5 14. Rae1 {0-1 (53) Pham,L (2366)-Bacrot,E (2673) Chess.com INT 2020}) 8... a6 {[%emt 0:02:53] The position is equal.} 9. Ne5 Nxe5 10. Bxe5 f6 11. Bg3 Qd7 12. a3 Bd6 13. Bxd6 cxd6 14. f3 Nxd2 15. Qxd2 Bc6 16. Qe2 e5 (16... O-O $11) 17. Qc2 $14 ({But not} 17. Bxa6 $2 b5 18. a4 Rxa6 $19) 17... g6 18. O-O-O b5 19. e4 Qf7 (19... dxe4 $11 {remains equal.} 20. Bxe4 d5 21. dxe5 fxe5) 20. exd5 $16 Bxd5 21. Qe2 (21. dxe5 $16 dxe5 22. Be4 Bxe4 23. Qxe4) 21... O-O $11 22. Be4 Bxe4 23. Qxe4 Qc4 24. Rhe1 Rad8 25. Qd3 ({White should play} 25. Qb7 $14) 25... Qxd3 26. Rxd3 {[%mdl 4096] Endgame KRR-KRR} Kf7 27. Kc2 Ke6 28. f4 h5 29. Rde3 f5 $2 {[%emt 0:00:34] [#]} (29... g5 $11) 30. dxe5 d5 (30... Kf7 $16 31. exd6 Rxd6) 31. Rd3 Rd7 (31... h4 $16 32. Rd4 Rg8) 32. Rd4 h4 33. a4 {[%emt 0:00:40] Hoping for axb5.} Ra8 (33... g5 $16) 34. Ra1 $18 {[%emt 0:00:27] axb5 is the strong threat.} Rda7 35. Rb4 bxa4 36. Rb6+ ({Resist} 36. Rbxa4 g5 37. fxg5 Rh7 38. Rxa6+ Rxa6 39. Rxa6+ Kxe5 $18) 36... Kf7 37. Rd6 Rb7 38. Rxa4 Rab8 39. b4 Rb6 40. Rxd5 Ke6 41. Rda5 {[%emt 0:30:10] Weighted Error Value: White=0.21 (precise) /Black=0.41} 1-0